 Dungeon Crawl Stone Soup version 0.29-a0-330-g52719c12eb (webtiles) character file.

Game seed: 3554498466583988541

256 kae the Firebug (level 6, -4/35 HPs)
             Began as a Tengu Fire Elementalist on Apr 15, 2022.
             Slain by a gnoll
             ... wielding a +0 club
              (6 damage)
             ... on level 3 of the Dungeon.
             The game lasted 00:02:42 (3502 turns).

kae the Firebug (Tengu Fire Elementalist)           Turns: 3502, Time: 00:02:42

Health: -4/35      AC:  3    Str:  9    XL:     6   Next: 16%
Magic:  1/10       EV: 15    Int: 17    God:
Gold:   253        SH:  0    Dex: 14    Spells: 1/10 levels left

rFire   . . .      SeeInvis .   m - +6 dagger of Premature Burial {flame, rElec}
rCold   . . .      Faith    .   (no shield)
rNeg    . . .      Spirit   .   a - +1 robe
rPois   .          Reflect  .   (helmet restricted)
rElec   +          Harm     .   (no cloak)
rCorr   .          Rampage  .   (no gloves)
Will    .....                   (boots unavailable)
Stlth   ++........              (no amulet)
HPRegen 0.11/turn               (no ring)
MPRegen 0.12/turn               (no ring)

@: flying quickly and evasively, quick
A: beak, talons 3, nimble flight
a: no special abilities


You were on level 3 of the Dungeon.
You visited 1 branch of the dungeon, and saw 3 of its levels.

You collected 253 gold pieces.

Inventory:

Hand Weapons
 d - a +0 whip
 m - the +6 dagger of Premature Burial (weapon) {flame, rElec}
   (You took it off a hobgoblin on level 3 of the Dungeon)

   It burns those it strikes, dealing additional fire damage.
   rElec:     It insulates you from electricity.
Armour
 a - a +1 robe (worn)
Wands
 c - a wand of polymorph (8)
 n - a wand of mindburst (10)
Scrolls
 i - 2 scrolls of teleportation
Potions
 b - 2 potions of magic
 e - a potion of lignification {unknown}
 f - a potion of cancellation
 g - 2 potions of resistance {unknown}
 h - a potion of degeneration {unknown}
 j - 2 potions of haste {unknown}
 k - 2 potions of heal wounds {unknown}
 l - a potion of attraction {unknown}
 o - a potion of flight {unknown}


   Skills:
 + Level 1.8 Fighting
 + Level 1.7 Armour
 + Level 3.1 Dodging
 + Level 3.0 Stealth
 + Level 2.6 Spellcasting
 + Level 3.0 Conjurations
 * Level 4.6 Fire Magic


You had one spell level left.
You knew the following spells:

 Your Spells              Type           Power      Damage    Failure   Level
a - Foxfire               Conj/Fire      60%        2x1d7     3%          1
b - Scorch                Fire           36%        2d6       4%          2
c - Conjure Flame         Conj/Fire      15%        6-21      11%         3
d - Inner Flame           Hex/Fire       10%        N/A       22%         3

Your spell library contained the following spells:

 Spells                   Type           Power      Damage    Failure   Level
 Flame Wave               Conj/Fire      15%        2d6       36%         4


Dungeon Overview and Level Annotations

Branches:
Dungeon (3/15)

Altars:
Cheibriados
Gozag


Innate Abilities, Weirdness & Mutations

You have a beak for a mouth.
You have claws for feet.
Your magical nature lets you fly swiftly and evasively.


Message History

The gnoll is moderately wounded.
Casting: Foxfire (safe; 3% risk of failure)
Confirm with . or Enter, or press ? or * to list all spells.
You conjure some foxfire!
The gnoll closely misses you.
The foxfire hits the gnoll but does no damage.
The gnoll is moderately wounded.
The gnoll hits you with a +0 club.
Casting: Foxfire (safe; 3% risk of failure)
Confirm with . or Enter, or press ? or * to list all spells.
You conjure some foxfire!
The gnoll misses you.
The foxfire hits the gnoll.
The gnoll is moderately wounded.
The gnoll hits you from afar with a +0 spear.
The gnoll completely misses you.
Casting: Foxfire (safe; 3% risk of failure)
Confirm with . or Enter, or press ? or * to list all spells.
You conjure some foxfire!
The gnoll hits you from afar with a +0 spear.
The gnoll barely misses you.
The foxfire hits the gnoll.
The gnoll is severely wounded.
The gnoll barely misses you. The gnoll hits you but does no damage.
Casting: Foxfire (safe; 3% risk of failure)
Confirm with . or Enter, or press ? or * to list all spells.
You conjure some foxfire!
The gnoll barely misses you. The gnoll hits you with a +0 club.
The foxfire hits the gnoll.
The gnoll is almost dead.
The gnoll closely misses you. The gnoll hits you with a +0 club.
Casting: Foxfire (safe; 3% risk of failure)
Confirm with . or Enter, or press ? or * to list all spells.
You conjure some foxfire!
The gnoll hits you from afar with a +0 spear.
* * * LOW HITPOINT WARNING * * *
The gnoll hits you with a +0 club.
* * * LOW HITPOINT WARNING * * *
The foxfire hits the gnoll.
You kill the gnoll!
The gnoll hits you with a +0 club.
You die...

..≈≈≈# #.######.#.# .††≈≈#
#.##........ .≈≈≈≈#
#.##.###.#.# .≈≈≈.#
#........... ######
#.##.####### ## #.#..# .#
#.#.## .####### #.#######
#.#.# .......# #....))@#
#.#.# .#####.# #######g#
#.#.# .## #.# #.# #.#.#
..####.## #.# #.#.#
........# ###.#####.#.#
..####..### #..)........#
..####....####.........###
.................#######
................##


You could see a gnoll.

Vanquished Creatures
  An ogre (D:3)
  An orc priest (D:3)
  An iron imp (D:3)
  3 gnolls (D:3)
  An adder (D:2)
  A river rat (D:3)
  4 worms (D:2)
  A dart slug (D:3)
  9 orcs (D:3)
  6 endoplasms
  2 giant cockroaches (D:1)
  3 goblins
  7 hobgoblins
  5 jackals (D:3)
  A quokka (D:1)
  2 ball pythons
  2 bats (D:1)
  A frilled lizard (D:3)
  5 rats
56 creatures vanquished.

Vanquished Creatures (collateral kills)
  3 foxfires
3 creatures vanquished.

Vanquished Creatures (others)
  171 foxfires
  10 plants
  3 toadstools (D:2)
184 creatures vanquished.

Grand Total: 243 creatures vanquished

Notes
Turn   | Place    | Note
-------+----------+-------------------------------------------
     0 | D:1      | kae the Tengu Fire Elementalist began the quest for the
                  | Orb.
     0 | D:1      | Reached XP level 1. HP: 10/10 MP: 4/4
   429 | D:1      | Reached XP level 2. HP: 15/15 MP: 4/6
  1153 | D:2      | Reached XP level 3. HP: 18/20 MP: 1/7
  2027 | D:3      | Reached skill level 1 in Fighting
  2027 | D:3      | Reached skill level 1 in Armour
  2036 | D:3      | Reached XP level 4. HP: 6/25 MP: 1/8
  2043 | D:3      | Identified the +6 dagger of Premature Burial {flame, rElec}
  2246 | D:3      | Reached skill level 4 in Fire Magic
  2604 | D:3      | Found an opulent altar of Gozag.
  2763 | D:3      | Noticed an ogre
  2913 | D:3      | Gained mutation: Your magical nature lets you fly swiftly
                  | and evasively. [Tengu growth]
  2913 | D:3      | Reached XP level 5. HP: 29/29 MP: 4/9
  3015 | D:3      | Identified the +1 ring mail of the Shrike {rN+ Str-3 Dex+6
                  | Stlth+}
  3190 | D:3      | Found a snail-covered altar of Cheibriados.
  3335 | D:3      | Learned a level 2 spell: Scorch
  3339 | D:3      | Learned a level 3 spell: Conjure Flame
  3345 | D:3      | Learned a level 3 spell: Inner Flame
  3364 | D:3      | Killed an ogre
  3365 | D:3      | Reached XP level 6. HP: 35/35 MP: 4/10
  3502 | D:3      | Slain by a gnoll

Illustrated notes

Levels and vault maps discovered:
D:1:      lightli_arrival_lavapool, layout_basic
D:2:      layout_basic, serial_bayou_pond_c, minmay_misc_feat_roman,
          minmay_gold_behind_fungi
D:3:      layout_loops_ring, grunt_gozag_statues, chei_slow_surprise,
          gammafunk_ghost_grave, portal_sewer_entry_b, minmay_misc_feat_plants,
          guppyfry_early_lair_pool

Skill      XL: |  1  2  3  4  5  6 |
---------------+-------------------+-----
Conjurations   | 2 3 |  3.0
Fighting       | 1 |  1.8
Armour         | 1 |  1.7
Fire Magic     | 4 |  4.6
Dodging        | 3 |  3.1
Stealth        | 3 |  3.0
Spellcasting   | |  2.6

Action                   |  1- 3 |  4- 6 || total
-------------------------+-------+-------++-------
Melee: Unarmed           |     1 |       ||     1
       Whip              |    11 |       ||    11
       Kick              |     4 |     6 ||    10
       Peck              |     2 |     2 ||     4
       Dagger            |       |    23 ||    23
 Cast: Foxfire           |    70 |    41 ||   111
  Use: Scroll            |     5 |     1 ||     6
Armor: Robe              |     2 |     4 ||     6
Dodge: Dodged            |    11 |    24 ||    35

Table legend: (Time is in decaauts)
 A = Elapsed time spent in this place.
 B = Non-inter-level travel time spent in this place.
 C = Inter-level travel time spent in this place.
 D = Time resting spent in this place.
 E = Time spent auto-exploring this place.
 F = Levels seen in this place.
 G = Mean time per level.
                   A        B        C        D        E       F      G
               +--------+--------+--------+--------+--------+-----+--------+
         Total |   3470 |   3417 |     53 |     61 |   2875 |   3 | 1156.7 |
       Dungeon |   3470 |   3417 |     53 |     61 |   2875 |   3 | 1156.7 |
               +--------+--------+--------+--------+--------+-----+--------+

Top non-repeatable levels by time:
     D:3: 1218 daAuts
     D:2: 1210 daAuts
     D:1: 1042 daAuts
